 Dungeon Crawl Stone Soup version 0.30.0-29-ga12c61a403 (webtiles) character file.

Game seed: 1645937582663092188

42 FishyPogo the Changer (level 3, -7/18 HPs)
             Began as a Spriggan Transmuter on June 4, 2023.
             Mangled by Crazy Yiuf
             ... wielding a +3 quarterstaff of chaos
              (10 damage)
             ... on level 2 of the Dungeon.
             The game lasted 00:06:04 (1735 turns).

FishyPogo the Changer (Spriggan Transmuter)         Turns: 1735, Time: 00:06:04

Health: -7/18      AC:  2    Str:  6    XL:     3   Next: 35%
Magic:  8/8        EV: 18    Int: 16    God:
Gold:   38         SH:  0    Dex: 21    Spells: 2/8 levels left

rFire   . .          .
                       - Unarmed
rCold   . . .        (no shield)
rNeg    . . .        a - +0 robe
rPois   .            (helmet currently unavailable)
rElec   .            h - scarf {shadows}
rCorr   .            (gloves unavailable)
SInv    +            (boots unavailable)
Will    .....        (no amulet)
Stlth   ++           i - +6 ring of dexterity
HPRegen 0.23/turn    (no ring)
MPRegen 0.11/turn

%: no passive effects
@: appendages (expiring), very quick
A: horns 2, talons 2, very small, no large weapons, unfitting armour, see
invisible, speed 3
a: End Transformation


You were on level 2 of the Dungeon.
You had temporarily grown beastly horns and talons.
You visited 1 branch of the dungeon, and saw 2 of its levels.

You collected 38 gold pieces.

Inventory:

Missiles
 d - 4 poisoned darts
 g - 17 stones
Armour
 a - a +0 robe (worn)
 h - a scarf of shadows (worn)
Jewellery
 i - a +6 ring of dexterity (left hand)
Scrolls
 c - 2 scrolls of identify {unknown}
 e - 2 scrolls of teleportation {unknown}
 j - a scroll of enchant armour {unknown}
 k - a scroll of poison {unknown}
 n - a scroll of torment {unknown}
 q - a scroll of blinking {unknown}
Potions
 b - 2 potions of lignification
 f - a potion of ambrosia {unknown}
 l - a potion of magic {unknown}
 m - a potion of mutation {unknown}
 o - a potion of haste {unknown}
 p - a potion of heal wounds {unknown}


   Skills:
 - Level 1.0 Fighting
 + Level 3.3 Dodging
 + Level 1.5 Stealth
 + Level 2.6 Unarmed Combat
 - Level 3.0 Spellcasting
 * Level 3.6 Transmutations


You had 2 spell levels left.
You knew the following spells:

 Your Spells              Type           Power      Damage    Failure   Level
a - Beastly Appendage     Tmut           26%        N/A       4%          1
b - Wereblood             Tmut           13%        N/A       6%          2
c - Spider Form           Tmut/Pois      8%         N/A       26%         3

Your spell library contained the following spells:

 Spells                   Type           Power      Damage    Failure   Level
 Ice Form                 Ice/Tmut       8%         N/A       65%         4


Dungeon Overview and Level Annotations

Branches:
Dungeon (2/15)

Altars:

Annotations:
D:2 Crazy Yiuf


Innate Abilities, Weirdness & Mutations

You have temporarily grown beastly horns and talons.
You are very small and have problems with some larger weapons.
You are too small for most types of armour.
You have supernaturally acute eyesight. (SInv)
You cover ground extremely quickly. (Speed+++)


Message History

Your transformation is almost over.
Your horns disappear.
Your talons disappear.
Found a hammer.
No target in view!
Found a hammer.
Found a runed translucent door.
You see here a +0 heavy hammer.
Casting: Beastly Appendage (safe; 4% risk of failure)
Confirm with . or Enter, or press ? or * to list all spells.
You grow a pair of large bovine horns.
Your feet morph into talons.
Found two hammers.
Found a hammer.
You open the door.
There is an open translucent door here.
You see here a +0 hammer.
The helpless Crazy Yiuf fails to defend himself.
You hit Crazy Yiuf but do no damage. You claw Crazy Yiuf.
Crazy Yiuf is moderately wounded.
Crazy Yiuf barely misses you.
You hit Crazy Yiuf.
Crazy Yiuf is moderately wounded.
Crazy Yiuf yells, "Castle noodlescoop ladder!"
Crazy Yiuf barely misses you.
You barely miss Crazy Yiuf. You claw Crazy Yiuf.
Crazy Yiuf is moderately wounded.
Press: ? - help, v - describe, . - travel A stone wall.
You closely miss Crazy Yiuf. Your kick misses Crazy Yiuf.
Your headbutt misses Crazy Yiuf.
Crazy Yiuf is moderately wounded.
Your transformation is almost over.
Crazy Yiuf hits you with a +3 quarterstaff of chaos!
Ouch! That really hurt!
* * * LOW HITPOINT WARNING * * *
Crazy Yiuf freezes you.
* * * LOW HITPOINT WARNING * * *
You closely miss Crazy Yiuf.
Crazy Yiuf is moderately wounded.
Crazy Yiuf hits you with a +3 quarterstaff of chaos!
Ouch! That really hurt!
You die...

#.######.........<..####.#
#..............###.......#
########...##.## #########
######## ###♣♣♣♣♣
##...)♣)♣♣♣#####
###......♣..♣#)..# #######
#.......♣♣♣♣.'.@g# #......
#.#....♣♣ ♣♣#.))# #.#####
#.####♣♣ ##### #.# #.#
#####.##### #.###
#.........# #...#########
########.###.###.#
#.##........# #.....##.#
#.# #.# #.##...#.##.#
##...###.# #.###.#
#.###.##.#..# ##.## #.#
#......


You could see Crazy Yiuf.

Vanquished Creatures
  A dart slug (D:1)
  5 endoplasms
  4 goblins
  3 hobgoblins
  3 jackals (D:1)
  5 kobolds
  3 quokkas (D:2)
  3 ball pythons
  A bat (D:1)
  4 frilled lizards
  6 rats
38 creatures vanquished.

Notes
Turn   | Place    | Note
-------+----------+-------------------------------------------
     0 | D:1      | FishyPogo the Spriggan Transmuter began the quest for the
                  | Orb.
     0 | D:1      | Reached XP level 1. HP: 9/9 MP: 5/5
   169 | D:1      | Reached XP level 2. HP: 13/14 MP: 6/6
   173 | D:1      | Learned a level 2 spell: Wereblood
   277 | D:1      | Reached skill level 1 in Fighting
   605 | D:1      | Reached skill level 1 in Stealth
  1165 | D:2      | Reached XP level 3. HP: 18/18 MP: 5/8
  1169 | D:2      | Learned a level 3 spell: Spider Form
  1722 | D:2      | Found a runed translucent door.
  1724 | D:2      | Noticed Crazy Yiuf
  1735 | D:2      | Mangled by Crazy Yiuf

Illustrated notes

Levels and vault maps discovered:
D:1:      amcnicky_arrival_choice, layout_basic, minivault_14, fountainhead,
          chequers_serial_rivers_room_a, minmay_misc_feat_tower,
          minmay_crystal_water, kennysheep_pointless_box, kennysheep_minor_cross
D:2:      layout_loops_corners, uniq_crazy_yiuf_cottage

Skill      XL: |  1  2 |
---------------+-------+-----
Transmutations | 3 |  3.6
Fighting       | 1 |  1.0
Dodging        | 3 |  3.3
Stealth        | 1 |  1.5
Spellcasting   | 3 |  3.0
Unarmed Combat | |  2.6

Action                     || total
---------------------------++-------
  Melee: Unarmed           ||    89
         Kick              ||    21
         Headbutt          ||    12
         Punch             ||     1
   Cast: Beastly Appendage ||    24
         Wereblood         ||     4
   Stab: Sleeping          ||     6
 Armour: Robe              ||    16
  Dodge: Dodged            ||    53
